 Dungeon Crawl Stone Soup version 0.27.1-2-g3b301248ec (webtiles) character file.

Game seed: 4017606829489942978

12929 Metae the Cleaver (level 12, -31/106 HPs)
             Began as a Hill Orc Fighter on Sept 26, 2021.
             Was an Elder of Beogh.
             Annihilated by a boulder beetle (51 damage)
             ... on level 12 of the Dungeon.
             The game lasted 01:01:03 (16368 turns).

Metae the Cleaver (Hill Orc Fighter)               Turns: 16368, Time: 01:01:04

Health: -31/106    AC: 24    Str: 24    XL:     12   Next: 0%
Magic:  19/19      EV: 21    Int:  8    God:    Beogh [****..]
Gold:   355        SH: 12    Dex: 16    Spells: 11/11 levels left

rFire    . . .     SeeInvis .   Q - +4 war axe
rCold    . . .     Faith    .   c - +0 kite shield
rNeg     . . .     Spirit   .   M - +0 plate armour
rPois    .         Reflect  .   b - +0 helmet
rElec    .         Harm     .   B - scarf {repulsion}
rCorr    .         Rampage  .   N - +2 pair of gloves
Will     .....                  A - +0 pair of boots
Stlth    ..........             r - amulet of the acrobat
HPRegen  0.27/turn              e - +4 ring of protection
MPRegen  0.16/turn              h - +6 ring of dexterity

@: acrobatic, repel missiles
A: no striking features
a: Renounce Religion, Smiting, Recall Orcish Followers


You were on level 12 of the Dungeon.
You worshipped Beogh.
Beogh was greatly pleased with you.
You visited 1 branch of the dungeon, and saw 12 of its levels.
You also visited: Sewer.

You collected 463 gold pieces.
You spent 108 gold pieces at shops.

Inventory:

Hand Weapons
 a - a +0 war axe of protection
 x - a +0 hunting sling
 K - a +2 flail
 Q - a +4 war axe (weapon)
 W - a +0 shortbow
Missiles
 u - 12 javelins (quivered)
 G - a throwing net
 L - 8 boomerangs of dispersal
 X - 79 arrows
Armour
 b - a +0 helmet (worn)
 c - a +0 kite shield (worn)
 k - a +0 chain mail
 l - a +0 chain mail of fire resistance
 A - a +0 pair of boots (worn)
 B - a scarf of repulsion (worn)
 M - a +0 plate armour (worn)
 N - a +2 pair of gloves (worn)
 R - +0 steam dragon scales
 U - +0 acid dragon scales
Jewellery
 e - a +4 ring of protection (left hand)
 h - a +6 ring of dexterity (right hand)
 r - an amulet of the acrobat (around neck)
 E - a ring of protection from fire
 O - a ring of wizardry
 S - a ring of willpower
Wands
 q - a wand of flame (36)
 w - a wand of digging (3)
 F - a wand of polymorph (5)
 P - a wand of mindburst (4)
 T - a wand of acid (4)
Scrolls
 i - 2 scrolls of summoning
 m - 4 scrolls of enchant weapon
 n - a scroll of noise
 o - a scroll of enchant armour
 p - 7 scrolls of teleportation
 s - 5 scrolls of fog
 t - 2 scrolls of amnesia
 y - a scroll of immolation
 C - 9 scrolls of blinking
 I - a scroll of vulnerability
Potions
 d - a potion of might
 f - 6 potions of curing
 g - 3 potions of magic
 v - 4 potions of mutation
 z - a potion of haste {unknown}
 D - 3 potions of degeneration {unknown}
 H - a potion of flight {unknown}
 J - a potion of attraction {unknown}


   Skills:
 + Level 10.2 Fighting
 + Level 10.6 Axes
 + Level 9.2 Armour
 + Level 9.3 Shields
 + Level 9.4 Invocations
 + Level 7.5 Evocations


You had 11 spell levels left.
You didn't know any spells.
Your spell library contained the following spells:

 Spells                   Type           Power      Damage    Failure   Level
 Apportation              Tloc           0%         N/A       100%        1
 Portal Projectile        Hex/Tloc       0%         N/A       100%        3
 Blade Hands              Tmut           0%         N/A       100%        5
 Excruciating Wounds      Necr           0%         N/A       100%        5


Dungeon Overview and Level Annotations

Branches:
Dungeon (12/15)            Temple (0/1) D:6            Lair (0/6) D:11
  Sewer (visited)
    Orc: D:9-12

Altars:
Elyvilon
Fedhas
Gozag
Hepliaklqana
Makhleb
Nemelex Xobeh
Ru
Vehumet
Wu Jian
Xom

Shops:
D:2 ???!   D:5 [[=


Message History

You slash the boulder beetle!
The boulder beetle is heavily wounded.
You block the boulder beetle's attack.
You hit the boulder beetle.
The boulder beetle is heavily wounded.
The boulder beetle bites you!
You completely miss the boulder beetle.
The boulder beetle is heavily wounded.
The boulder beetle bites you but does no damage.
Your plate armour prevents you from hitting the boulder beetle.
The boulder beetle is heavily wounded.
The boulder beetle bites you.
You hit the boulder beetle but do no damage.
The boulder beetle is heavily wounded.
The boulder beetle bites you but does no damage.
The boulder beetle barely misses you.
You completely miss the boulder beetle.
The boulder beetle is heavily wounded.
The boulder beetle bites you but does no damage.
You slash the boulder beetle!
The boulder beetle is heavily wounded.
The boulder beetle bites you.
You slash the boulder beetle!
The boulder beetle is severely wounded.
The boulder beetle bites you!
* * * LOW HITPOINT WARNING * * *
You hit the boulder beetle but do no damage.
The boulder beetle is severely wounded.
You block the boulder beetle's attack.
You hit the boulder beetle.
The boulder beetle is almost dead.
The boulder beetle leaps!
The boulder beetle curls into a ball and begins rolling!
There is an open door here.
The boulder beetle closely misses you.
The boulder beetle stops rolling and uncurls.
The boulder beetle curls into a ball and begins rolling!
There is an open gate here.
The boulder beetle hits you!!!
You die...

######...................
#..............○....#####
#........###'###○...# #
#........'.....#....#
#........'°....#....#
#........°.....#....#
#.......○#.....#..B.#
#.......B#.....#....#####
#.......@#.....#.........
#........#######.........
#..........u.............
###....######............
#....# #............
#....# #............
#....# #............
#....# #............
#....# #..#+########


You could see a boulder beetle (rolling).

Vanquished Creatures
  Josephine (D:11)
  A death knight (D:11)
  3 ugly things
  A centaur zombie (D:11)
  A gargoyle (D:12)
  A kobold demonologist (D:11)
  2 freezing wraiths (D:10)
  2 trolls
  Sigmund (D:3)
  A shadow (D:11)
  5 yaks
  A wyvern (D:10)
  2 wraiths
  A water elemental (D:11)
  4 vampire mosquitoes
  A water moccasin (D:7)
  An ice beast (D:5)
  2 black bears (D:5)
  3 ogres
  3 centaurs
  7 kobold brigands (Sewer)
  2 bullfrogs
  2 scorpions
  A wyvern skeleton (D:7)
  A water moccasin skeleton (D:5)
  3 killer bees (D:8)
  13 wights
  2 electric eels (D:11)
  5 hounds
  A jelly (D:5)
  2 orc priests
  2 bullfrog skeletons
  A gnoll shaman (D:5)
  2 orc wizards
  Terence (D:2)
  A hound skeleton (D:4)
  Robin (D:3)
  16 adders
  6 gnolls
  A river rat (Sewer)
  A shadow imp (D:6)
  2 white imps
  6 worms (Sewer)
  3 dart slugs
  22 orcs
  11 endoplasms
  7 giant cockroaches
  14 goblins
  10 hobgoblins
  5 jackals
  4 quokkas
  7 ball pythons
  7 bats
  6 frilled lizards
  10 kobolds
  11 rats
233 creatures vanquished.

Vanquished Creatures (collateral kills)
  A two-headed ogre (D:11)
  A tengu warrior (D:9)
  A kobold demonologist (D:9)
  2 trolls
  A wyvern (D:9)
  6 yaks
  A water elemental (D:11)
  A steam dragon (D:10)
  4 wraiths (D:11)
  Grum (D:11)
  An acid dragon (D:11)
  A sky beast (D:7)
  A black bear (D:6)
  An ice beast (D:8)
  An orc warrior (D:8)
  3 centaurs
  2 wolves (D:11)
  A kobold brigand (D:8)
  A bullfrog (D:9)
  A wyvern zombie (D:9)
  A killer bee (D:8)
  14 wights
  5 electric eels (D:11)
  A jelly (D:7)
  A centaur zombie (D:9)
  A bullfrog skeleton (D:6)
  4 orc priests
  2 orc wizards
  A howler monkey zombie (D:9)
  2 adders (D:6)
  2 gnolls (D:7)
  A white imp (D:7)
  4 orcs
  3 kobolds (D:8)
74 creatures vanquished.

Vanquished Creatures (others)
  3 orc knights (D:11)
  An orc sorcerer (D:11)
  An orc warrior (D:11)
  4 orc wizards (D:11)
  13 orcs
  20 fungi
  A plant (D:1)
43 creatures vanquished.

Grand Total: 350 creatures vanquished

Notes
Turn   | Place    | Note
-------+----------+-------------------------------------------
     0 | D:1      | Metae the Hill Orc Fighter began the quest for the Orb.
     0 | D:1      | Reached XP level 1. HP: 19/19 MP: 1/1
     2 | D:1      | Found a faded altar of an unknown god.
    27 | D:1      | Got Plato's Guide on Orientation
    59 | D:1      | Reached XP level 2. HP: 22/27 MP: 2/2
   298 | D:1      | Reached XP level 3. HP: 31/33 MP: 3/3
   818 | D:2      | Noticed Terence
   836 | D:2      | Killed Terence
   837 | D:2      | Reached XP level 4. HP: 30/41 MP: 4/4
   965 | D:2      | Found Pucon's Magic Scroll Emporium.
  1280 | D:2      | Found Niloall's Distillery.
  1375 | D:2      | Found a hazy altar of Hepliaklqana.
  1566 | D:2      | Found Ohilor's Magic Scroll Shoppe.
  1713 | D:2      | Found Ekimme's Magic Scroll Emporium.
  1895 | D:2      | Bought a scroll of identify for 20 gold pieces
  2050 | D:3      | Reached XP level 5. HP: 47/47 MP: 5/5
  2069 | D:3      | Found a blossoming altar of Fedhas.
  2103 | D:3      | Found a burning altar of Makhleb.
  2145 | D:3      | Noticed Robin
  2164 | D:3      | Killed Robin
  2328 | D:3      | Became a worshipper of Beogh the Brigand
  2530 | D:3      | Reached skill level 1 in Evocations
  2648 | D:3      | Reached skill level 5 in Fighting
  2900 | D:3      | Reached XP level 6. HP: 56/56 MP: 6/6
  2983 | D:3      | Noticed Sigmund
  2998 | D:3      | Killed Sigmund
  3286 | D:4      | Reached * piety under Beogh
  3287 | D:4      | Reached XP level 7. HP: 58/61 MP: 7/7
  3320 | D:4      | Reached skill level 5 in Axes
  3320 | D:4      | Reached skill level 1 in Invocations
  3330 | D:4      | Reached skill level 5 in Armour
  3330 | D:4      | Reached skill level 5 in Shields
  3903 | D:2      | Bought a scroll of identify for 28 gold pieces
  4016 | D:2      | Bought a potion of heal wounds for 60 gold pieces
  4130 | D:5      | Entered Level 5 of the Dungeon
  4130 | D:5      | Found Piemih Neist's Jewellery Shop.
  4414 | D:5      | Found a glowing drain.
  4445 | Sewer    | Entered a sewer
  4474 | Sewer    | Reached ** piety under Beogh
  4625 | Sewer    | Reached XP level 8. HP: 70/70 MP: 9/9
  6333 | D:5      | Reached XP level 9. HP: 73/78 MP: 12/12
  6496 | D:5      | Found Cocifiar's Armour Shop.
  6893 | D:5      | Found Byabuen's Antique Armour Emporium.
  6990 | D:5      | Reached *** piety under Beogh
  7268 | D:6      | Reached skill level 5 in Invocations
  7446 | D:6      | Found a staircase to the Ecumenical Temple.
  7447 | D:6      | Noticed a troll
  7461 | D:6      | Killed a troll
  7749 | D:6      | Gained Borgk as an ally
  8457 | D:7      | Reached skill level 5 in Evocations
  8554 | D:7      | Found an ornate altar of the Wu Jian Council.
  8674 | D:7      | Reached **** piety under Beogh
  8965 | D:7      | Reached XP level 10. HP: 88/88 MP: 14/14
  9937 | D:8      | Found a shimmering altar of Xom.
  9938 | D:8      | Found a radiant altar of Vehumet.
  9939 | D:8      | Found an opulent altar of Gozag.
 10007 | D:9      | Noticed a tengu warrior
 10013 | D:9      | Killed a tengu warrior
 10479 | D:9      | Found a sparkling altar of Nemelex Xobeh.
 10491 | D:9      | Noticed a kobold demonologist
 10507 | D:9      | Killed a kobold demonologist
 11506 | D:10     | Entered Level 10 of the Dungeon
 11722 | D:10     | Found a white marble altar of Elyvilon.
 11778 | D:10     | Reached XP level 11. HP: 92/97 MP: 16/16
 11837 | D:10     | Reached ***** piety under Beogh
 11847 | D:10     | Gained Morbeogh as an ally
 11873 | D:10     | Found a sacrificial altar of Ru.
 12269 | D:11     | Noticed Grum
 12270 | D:11     | Killed Grum
 12271 | D:11     | Your ally Borgk died
 12431 | D:11     | Noticed Josephine
 12452 | D:11     | Noticed a two-headed ogre
 12454 | D:11     | Killed Josephine
 12484 | D:11     | Killed a two-headed ogre
 12484 | D:11     | Gained Spirok as an ally
 12978 | D:11     | Your ally Spirok died
 12983 | D:11     | Your ally Morbeogh died
 12989 | D:11     | Reached skill level 10 in Axes
 13305 | D:11     | Noticed a death knight
 14525 | D:11     | Noticed a green ugly thing
 14544 | D:11     | Killed a green ugly thing
 14770 | D:11     | Found a staircase to the Lair.
 14833 | D:11     | Noticed a sixfirhy
 15074 | D:11     | Killed a death knight
 15075 | D:11     | Reached skill level 10 in Fighting
 15645 | D:12     | Noticed a red ugly thing
 15655 | D:12     | Killed a red ugly thing
 15741 | D:12     | Noticed a red ugly thing
 15781 | D:12     | Killed a red ugly thing
 15789 | D:12     | Reached XP level 12. HP: 24/106 MP: 12/19
 16124 | D:12     | Noticed a boulder beetle
 16368 | D:12     | Annihilated by a boulder beetle

Illustrated notes

Levels and vault maps discovered:
D:1:      scummos_arrival_forest, layout_rooms,
          shapermc_ecumenical_altar_rom_forum
D:2:      layout_basic, serial_shops, shop, shop, nicolae_shop_stone,
          shop_statue, kennysheep_flooded_box, kennysheep_pointless_box,
          uniq_terence
D:3:      layout_loops_ring, mainiacjoe_overflow_surrounded_room,
          bloody_makhleb, kennysheep_generic_room_16, uniq_sigmund, uniq_robin
D:4:      layout_rooms, serial_park_tiny_2
D:5:      layout_loops_corners, serial_shops, shop, nicolae_shop_waterfront,
          gup_sewer_entry_glass, hangedman_abyss_or_decor_stagger, minivault_5,
          nicolae_stop_n_shop_2, grunt_ministairs_6, serial_park_tiny_2
D:6:      layout_rooms, minmay_temple_entry_glass, serial_glass,
          glass_columns_a, glass_columns_b, minmay_strange_pillars,
          feat_on_display, due_unseen_surprise, minmay_strange_pillars,
          interstate_on_off
D:7:      layout_gridville, lemuel_crystal_altar
D:8:      layout_cave_pools, chequers_temple_overflow_statue_of_worship
D:9:      layout_cave_pods, nemelex_spade_bored_becter, serial_park_tiny_pond,
          kennysheep_generic_room_12
D:10:     layout_big_octagon, elyvilon_altar_4, mainiacjoe_overflow_chevrons,
          mrwooster_statue_mirror
D:11:     layout_basic, lair_entry_dummy, uniq_grum, uniq_josephine
D:12:     layout_irregular_city, orc_0_dummy

Skill      XL: |  1  2  3  4  5  6  7  8  9 10 11 |
---------------+----------------------------------+-----
Axes           | 3 4 5 6 8 9 10 | 10.6
Fighting       | 4 5 6 8 9 10 | 10.2
Armour         | 4 5 6 7 8 9 |  9.2
Shields        | 4 5 6 7 8 9 |  9.3
Evocations     | 1 2 4 5 6 7 |  7.5
Invocations    | 2 4 6 7 9 |  9.4

Action                   |  1- 3 |  4- 6 |  7- 9 | 10-12 || total
-------------------------+-------+-------+-------+-------++-------
Melee: War axe           |    99 |   162 |   494 |   308 ||  1063
Invok: Convert to Beogh  |       |     1 |       |       ||     1
       Smiting           |       |       |       |     6 ||     6
       Recall Orcish Fol |       |       |       |     3 ||     3
Evoke: Wand              |       |     4 |     1 |     8 ||    13
  Use: Scroll            |       |     2 |     5 |     8 ||    15
       Potion            |       |       |       |     3 ||     3
 Stab: Distracted        |       |       |     2 |     4 ||     6
       Confused          |       |       |     1 |     3 ||     4
Armor: Scale mail        |    43 |       |       |       ||    43
       Chain mail        |       |   130 |   240 |   144 ||   514
       Plate armour      |       |       |       |    74 ||    74
Dodge: Dodged            |    41 |    72 |   143 |   130 ||   386
       Repelled          |       |       |     1 |     2 ||     3
Block: Kite shield       |    70 |   115 |   300 |   242 ||   727
